 Dungeon Crawl Stone Soup version 0.26-a0-708-g17f3b190f9 (webtiles) character file.

Game seed: 2899182190514999761

4269 sugabear the Cudgeler (level 10, 0/51 HPs)
             Began as a Vine Stalker Gladiator on Oct 27, 2020.
             Was a High Priest of Uskayaw.
             Slain by a two-headed ogre
             ... wielding a +0 giant club
              (6 damage)
             ... on level 8 of the Dungeon.
             The game lasted 00:11:27 (6268 turns).

sugabear the Cudgeler (Vine Stalker Gladiator)      Turns: 6268, Time: 00:11:28

Health: 0/51       AC:  5    Str: 25    XL:     10   Next: 31%
Magic:  0/11       EV: 14    Int:  8    God:    Uskayaw [*****.]
Gold:   372        SH:  0    Dex: 17    Spells: 9/9 levels left

rFire    + . .     SeeInvis .   C - +3 dire flail (vorpal)
rCold    + . .     Faith    .   (shield currently unavailable)
rNeg     . . .     Spirit   +   z - +1 robe {rC+ rF+}
rPois    .         Reflect  .   c - +0 helmet
rElec    .         Harm     .   (no cloak)
rCorr    .         Rampage  .   q - +0 pair of gloves (curse)
MR       +....                  (no boots)
Stlth    +++.......             (no amulet)
HPRegen  0.57/turn              o - +6 ring of strength
MPRegen  0.12/turn              (no ring)

@: no status effects
A: fangs 3, regeneration 1, magic shield, antimagic bite, no potion heal 3, rot
immunity
a: Stomp, Line Pass, Grand Finale, Renounce Religion


You were on level 8 of the Dungeon.
You worshipped Uskayaw.
Uskayaw was noncommittal.
You visited 2 branches of the dungeon, and saw 9 of its levels.

You collected 372 gold pieces.

Inventory:

Hand Weapons
 p - a +0 vorpal trident
 C - a +3 vorpal dire flail (weapon)
Missiles
 d - 2 throwing nets (quivered)
Armour
 c - a +0 helmet (worn)
 f - a +0 ring mail
 q - a cursed +0 pair of gloves (worn)
 z - a +1 robe of resistance (worn)
Magical Staves
 a - an uncursed staff of death {unknown}
Jewellery
 o - a +6 ring of strength (left hand)
Wands
 x - a wand of iceblast (6)
 y - a wand of digging (4)
Scrolls
 b - 2 scrolls of amnesia {unknown}
 e - 5 scrolls of remove curse
 i - 4 scrolls of teleportation {unknown}
 n - 2 scrolls of immolation {unknown}
 u - 4 scrolls of identify {unknown}
 A - a scroll of summoning {unknown}
Potions
 g - 5 potions of degeneration {unknown}
 h - 3 potions of lignification {unknown}
 j - a potion of flight {unknown}
 l - 4 potions of curing {unknown}
 m - 2 potions of berserk rage {unknown}
 r - a potion of heal wounds {unknown}
 s - 2 potions of brilliance {unknown}
 t - 3 potions of haste {unknown}
 v - 3 potions of stabbing {unknown}
 w - 2 potions of magic {unknown}
 B - 2 potions of invisibility {unknown}


   Skills:
 + Level 5.4 Fighting
 + Level 7.9(8.4) Maces & Flails
 + Level 4.9(5.7) Polearms
 + Level 4.4(7.5) Staves
 + Level 2.1 Throwing
 + Level 2.9 Armour
 + Level 4.3 Dodging
 + Level 6.5 Stealth


You had 9 spell levels left.
You didn't know any spells.
Your spell library contained the following spells:

 Spells                   Type           Power        Failure   Level
 Magic Dart               Conj           #...         41%         1
 Shock                    Conj/Air       #...         41%         1
 Blink                    Tloc           N/A          54%         2
 Call Imp                 Summ           #.......     54%         2
 Slow                     Hex            #.......     54%         2
 Conjure Flame            Conj/Fire      #.......     78%         3
 Mephitic Cloud           Conj/Pois/Air  #.......     78%         3
 Static Discharge         Conj/Air       #.......     78%         3
 Airstrike                Air            #.........   99%         4
 Lightning Bolt           Conj/Air       #.........   100%        5
 Freezing Cloud           Conj/Ice/Air   #.........   100%        6


Dungeon Overview and Level Annotations

Branches:
Dungeon (8/15)             Temple (1/1) D:5
   Lair: D:8-11

Altars:
Ashenzari
Cheibriados
Dithmenos
Elyvilon
Fedhas
Gozag
Hepliaklqana
Kikubaaqudgha
Makhleb
Nemelex Xobeh
Okawaru
Qazlal
Ru
Sif Muna
Trog
Uskayaw
Vehumet
Xom
Yredelemnul
Zin
The Shining One


Innate Abilities, Weirdness & Mutations

You have razor-sharp teeth.
Your natural rate of healing is unusually fast.
When hurt, damage is shared between your health and your magic reserves.
Your bite disrupts and absorbs the magic of your enemies.
Potions cannot restore your health.
You are immune to rotting.


Message History

You feel invigorated.
The two-headed ogre is lightly wounded.
The two-headed ogre hits you with a +0 giant club.
The two-headed ogre barely misses you.
An orc comes into view. It is wielding a +0 morningstar.
You sock the two-headed ogre! You bite the two-headed ogre.
You drain its power.
You feel invigorated.
The two-headed ogre is heavily wounded.
The sentinel's mark upon you fades away.
You thump the two-headed ogre! Your bite misses the two-headed ogre.
The two-headed ogre is severely wounded.
The two-headed ogre hits you with a +0 giant club!!
The two-headed ogre hits you with a +0 giant spiked club!
* * * LOW HITPOINT WARNING * * *
You are too injured to fight recklessly!
You hit the two-headed ogre but do no damage.
The two-headed ogre is severely wounded.
A phantom comes into view.
The two-headed ogre hits you with a +0 giant club!
You die...

##.....####.#..#
#..##.....
..........#.##
##.###...#
..........#.#
#..####.# .......
..#.#####.......#
##+####
#.#.....#...#####
######.#####.#...#
#..........#.#.#.#
...#.####O##.##.#....
........@.#.....#.##.#
.....###†.#######.# .#
..........#######. .#
.....##†..W...... ..
... #...#...... .
#o###...... .... .....
..#.# ..... #.....
....


You could see a two-headed ogre, a phantom and an orc.

Vanquished Creatures
  An ugly thing (D:8)
  Maurice (D:8)
  Eustachio (D:6)
  Edmund (D:6)
  6 water moccasins
  2 orc warriors
  A black bear (D:8)
  2 phantoms
  2 centaurs
  5 ogres
  7 bullfrogs
  A water moccasin zombie (D:8)
  4 scorpions
  A howler monkey (D:6)
  A centaur zombie (D:7)
  3 hounds
  5 orc priests
  4 orc wizards
  A centaur skeleton (D:5)
  An iguana (D:7)
  Ijyb (D:5)
  6 worker ants
  A killer bee zombie (D:6)
  9 adders
  A howler monkey skeleton (D:7)
  A shadow imp (D:3)
  2 white imps
  4 ufetubi
  An ooze (D:2)
  2 dart slugs (D:1)
  8 leopard geckos
  25 orcs
  3 giant cockroaches
  6 goblins
  3 hobgoblins
  6 jackals
  8 quokkas
  3 ball pythons
  4 bats
  6 frilled lizards
  10 kobolds
  2 leopard gecko skeletons
  2 quokka skeletons
  5 rats
169 creatures vanquished.

Vanquished Creatures (others)
  24 fungi (D:8)
  24 plants (D:8)
48 creatures vanquished.

Grand Total: 217 creatures vanquished

Notes
Turn   | Place    | Note
-------+----------+-------------------------------------------
     0 | D:1      | sugabear the Vine Stalker Gladiator began the quest for the
                  | Orb.
     0 | D:1      | Reached XP level 1. HP: 11/11 MP: 2/2
   149 | D:1      | Reached XP level 2. HP: 14/15 MP: 3/3
  1010 | D:2      | Reached XP level 3. HP: 18/18 MP: 4/4
  1822 | D:3      | Gained mutation: Your natural rate of healing is unusually
                  | fast. [Vine Stalker growth]
  1822 | D:3      | Reached XP level 4. HP: 22/23 MP: 5/5
  1887 | D:3      | Reached skill level 1 in Armour
  1955 | D:3      | Reached XP level 5. HP: 26/26 MP: 6/6
  2393 | D:4      | Reached skill level 1 in Polearms
  2513 | D:4      | Reached XP level 6. HP: 22/32 MP: 7/7
  2571 | D:4      | Identified Rehoz's Incunabulum of Air
  2676 | D:4      | You fall into a shaft and drop 2 floors!
  2707 | D:6      | Noticed an orc warrior
  2737 | D:6      | Killed an orc warrior
  2747 | D:6      | Reached skill level 1 in Stealth
  2747 | D:6      | Reached XP level 7. HP: 16/36 MP: 4/8
  2916 | D:6      | Noticed a +0 hand axe
  2916 | D:6      | Noticed a +0 dagger
  2920 | D:6      | Found a hide-covered altar of Uskayaw.
  2924 | D:6      | Noticed Edmund
  2942 | D:6      | Killed Edmund
  3002 | D:6      | Became a worshipper of Uskayaw the Reveler
  3015 | D:6      | Reached * piety under Uskayaw
  3018 | D:6      | Reached ** piety under Uskayaw
  3019 | D:6      | Gained mutation: You have razor-sharp teeth. [Vine Stalker
                  | growth]
  3019 | D:6      | Reached XP level 8. HP: 27/40 MP: 6/9
  3061 | D:5      | Entered Level 5 of the Dungeon
  3589 | D:5      | Reached skill level 1 in Maces & Flails
  3732 | D:5      | Noticed Ijyb
  3738 | D:5      | Killed Ijyb
  3852 | D:5      | Found a staircase to the Ecumenical Temple.
  3895 | D:5      | Reached skill level 2 in Maces & Flails
  3915 | Temple   | Entered the Ecumenical Temple
  4316 | D:5      | Reached skill level 3 in Maces & Flails
  4474 | D:6      | Noticed Eustachio
  4486 | D:6      | Killed Eustachio
  4577 | D:6      | Reached skill level 4 in Maces & Flails
  4744 | D:6      | Reached XP level 9. HP: 45/45 MP: 10/10
  4744 | D:6      | Reached *** piety under Uskayaw
  5197 | D:7      | Reached skill level 5 in Maces & Flails
  5197 | D:7      | Reached **** piety under Uskayaw
  5397 | D:7      | Found a broken altar of Ashenzari.
  5687 | D:7      | Found a white marble altar of Elyvilon.
  5774 | D:7      | Reached skill level 6 in Maces & Flails
  5894 | D:8      | Noticed Maurice
  5960 | D:8      | Reached skill level 5 in Stealth
  5961 | D:8      | Reached ***** piety under Uskayaw
  5978 | D:7      | Reached skill level 5 in Fighting
  6052 | D:8      | Reached skill level 7 in Maces & Flails
  6058 | D:8      | Reached XP level 10. HP: 31/51 MP: 6/11
  6122 | D:8      | Noticed a brown ugly thing
  6132 | D:8      | Killed a brown ugly thing
  6247 | D:8      | Noticed a two-headed ogre
  6259 | D:8      | Killed Maurice
  6268 | D:8      | Slain by a two-headed ogre

Illustrated notes

Levels and vault maps discovered:
D:1:      minmay_arrival_up_and_down, layout_basic
D:2:      layout_rooms, chequers_decorated_corner, hangedman_decor_push
D:3:      layout_rooms
D:4:      layout_loops_cross
D:5:      layout_gridville, minmay_temple_entry_glass, uniq_ijyb
D:6:      layout_basic, dancing_weapons_uskayaw, uniq_edmund, uniq_eustachio
D:7:      layout_basic, overflow_temple_1_default,
          nicolae_overflow_crystal_walls, minivault_24
D:8:      layout_basic, due_lair_maze_entry_diamond, okawaru_humans,
          uniq_maurice
Temple:   hc_temple_tempest_star

Skill      XL: |  1  2  3  4  5  6  7  8  9 10 |
---------------+-------------------------------+-----
Staves         | 3 4 |  4.4
Fighting       | 2 3 4 5 |  5.4
Armour         | 1 2 |  2.9
Polearms       | 1 3 4 |  4.9
Dodging        | 3 4 |  4.3
Throwing       | 2 |  2.1
Stealth        | 1 2 5 6 |  6.5
Maces & Flails | 4 7 |  7.9

Action                   |  1- 3 |  4- 6 |  7- 9 | 10-12 || total
-------------------------+-------+-------+-------+-------++-------
Melee: Quarterstaff      |    95 |     9 |       |       ||   104
       Bite              |    20 |    24 |    81 |    15 ||   140
       Trident           |       |   116 |    38 |       ||   154
       Dire flail        |       |       |   186 |    36 ||   222
Throw: Throwing net      |       |     2 |     1 |       ||     3
  Use: Scroll            |       |       |     1 |       ||     1
 Stab: Sleeping          |       |     1 |     7 |       ||     8
       Distracted        |       |       |     1 |       ||     1
       Paralysed         |       |       |     7 |     5 ||    12
Armor: Leather armour    |     3 |       |       |       ||     3
       Ring mail         |    36 |    31 |     2 |       ||    69
       Robe              |       |       |    30 |     5 ||    35
Dodge: Dodged            |    70 |    73 |   164 |    18 ||   325

Table legend: (Time is in decaauts)
 A = Elapsed time spent in this place.
 B = Non-inter-level travel time spent in this place.
 C = Inter-level travel time spent in this place.
 D = Time resting spent in this place.
 E = Time spent auto-exploring this place.
 F = Levels seen in this place.
 G = Mean time per level.
                   A        B        C        D        E       F      G
               +--------+--------+--------+--------+--------+-----+--------+
         Total |   6319 |   5761 |    558 |    557 |   4059 |   9 |  702.1 |
       Dungeon |   6078 |   5535 |    543 |    557 |   3833 |   8 |  759.8 |
        Temple |    240 |    226 |     14 |      0 |    226 |   1 |  240.0 |
               +--------+--------+--------+--------+--------+-----+--------+

Top non-repeatable levels by time:
     D:6: 1071 daAuts
     D:1: 971 daAuts
     D:7: 925 daAuts
     D:4: 822 daAuts
     D:2: 820 daAuts
     D:5: 704 daAuts
     D:3: 513 daAuts
     D:8: 250 daAuts
  Temple: 240 daAuts
